 Dungeon Crawl Stone Soup version 0.25-a0-185-g6cfeca75b2 (webtiles) character file.

Game seed: 452083859158194238, levelgen mode: deterministic

1759 Leeroy the Slasher (level 8, -7/57 HPs)
             Began as a White Draconian Conjurer on Nov 28, 2019.
             Was a Believer of Nemelex Xobeh.
             Mangled by Harold
             ... wielding a +0 halberd of venom
              (17 damage)
             ... on level 7 of the Dungeon.
             The game lasted 00:15:31 (8949 turns).

Leeroy the Slasher (White Draconian Conjurer)       Turns: 8949, Time: 00:15:32

Health: -7/57      AC:  6    Str: 12    XL:     8   Next: 79%
Magic:  13/13      EV: 12    Int: 16    God:    Nemelex Xobeh [**....]
Gold:   156        SH:  0    Dex: 12    Spells: 4/11 levels left

rFire    . . .     SeeInvis .   q - +1 spear (venom)
rCold    + . .     Gourm    .   (no shield)
rNeg     . . .     Faith    .   (armour unavailable)
rPois    .         Spirit   .   (helmet restricted)
rElec    .         Reflect  .   (no cloak)
rCorr    .         Harm     .   (no gloves)
MR       .....                  (no boots)
Stlth    ++........             (no amulet)
HPRegen  0.19/turn              (no ring)
MPRegen  0.13/turn              (no ring)

@: marked
A: breathe frost, unfitting armour, cold resistance 1, cold-blooded, AC +6
a: Breathe Frost, Draw Escape, Draw Destruction, Draw Summoning, Renounce
Religion


You were on level 7 of the Dungeon.
You worshipped Nemelex Xobeh.
Nemelex Xobeh was pleased with you.
You were not hungry.

You visited 1 branch of the dungeon, and saw 7 of its levels.

You collected 396 gold pieces.
You spent 240 gold pieces at shops.

Inventory:

Hand Weapons
 d - a +0 dagger
 g - a +6 flail of protection
 i - a +2 dagger of flaming
 q - a +1 spear of venom (weapon)
 r - a +0 mace of holy wrath
 s - a +0 short sword of venom
 t - a +0 long sword
 v - the +5 falchion "Firuibas" {flame, rN+ Int+4}
   (You bought it in a shop on level 5 of the Dungeon)

   It has been specially enchanted to burn those struck by it, causing extra
   injury to most foes and up to half again as much damage against particularly
   susceptible opponents.
   Big, fiery blades are also staple armaments of hydra-hunters.
   It affects your intelligence (+4).
   It protects you from negative energy.
Missiles
 z - 3 silver javelins (quivered)
 A - 4 boomerangs
 B - 2 throwing nets
Jewellery
 w - an uncursed amulet of faith {unknown}
Scrolls
 a - 8 scrolls of teleportation {unknown}
 c - 3 scrolls of blinking {unknown}
 e - 9 scrolls of identify {unknown}
 f - 3 scrolls of remove curse {unknown}
 h - a scroll of amnesia {unknown}
 k - 2 scrolls of enchant weapon {unknown}
 p - a scroll of fog {unknown}
 u - a scroll of fear {unknown}
 x - a scroll of random uselessness {unknown}
 y - a scroll of enchant armour {unknown}
Potions
 j - 2 potions of heal wounds {unknown}
 l - 3 potions of mutation {unknown}
 m - 3 potions of cancellation {unknown}
 n - a potion of ambrosia {unknown}
 o - a potion of agility {unknown}
Comestibles
 b - 7 rations


   Skills:
 - Level 7.2 Long Blades
 - Level 2.0 Maces & Flails
 - Level 0.7 Polearms
 - Level 1.7 Dodging
 - Level 1.7 Stealth
 - Level 2.0 Spellcasting
 - Level 6.3 Conjurations
 + Level 7.0 Invocations


You had 4 spell levels left.
You knew the following spells:

 Your Spells              Type           Power        Failure   Level  Hunger
a - Magic Dart            Conj           ###.         1%          1    #......
b - Searing Ray           Conj           ###...       2%          2    ###....
c - Iskenderun's Mystic   Conj           ###.....     16%         4    #####..

Your spell library contained the following spells:

 Spells                   Type           Power        Failure   Level  Hunger
 Dazzling Spray           Conj/Hex       ##....       17%         3    ###....
 Beastly Appendage        Tmut           #.....       21%         1    #......
 Sticks to Snakes         Tmut           #.......     30%         2    ###....
 Force Lance              Conj/Tloc      ##......     50%         4    #####..
 Fulminant Prism          Conj/Hex       ##........   50%         4    #####..
 Spider Form              Tmut/Pois      #.........   52%         3    ###....
 Ice Form                 Ice/Tmut       #.......     90%         4    #####..
 Blade Hands              Tmut           #.........   99%         5    ######.


Dungeon Overview and Level Annotations

Branches:
Dungeon (7/15)
 Temple: D:4-7

Altars:
Fedhas
Nemelex Xobeh
Ru

Shops:
D:5 [(

Annotations:
D:3 2 transporters
D:4 1 runed translucent door, Crazy Yiuf
D:6 Sigmund
D:7 Harold


Innate Abilities, Weirdness & Mutations

You can breathe waves of freezing cold.
You can buffet flying creatures when you breathe cold.
Your icy white scales are hard. (AC +6)
You cannot fit into any form of body armour.
Your flesh is cold resistant. (rC+)
You are cold-blooded and may be slowed by cold attacks.


Message History

Harold barely misses your centaur.
Your centaur hits Harold.
Your centaur barely misses Harold.
Harold hits your centaur with a +0 halberd of venom!
Your centaur closely misses Harold.
Your centaur hits Harold!
Harold hits your centaur with a +0 halberd of venom!
Your centaur dies!
Your centaur's corpse disappears in a puff of smoke!
You draw a card...
You have drawn the Rangers.
Casting: Iskenderun's Mystic Blast (safe; 12% risk of failure)
Confirm with . or Enter, or press ? or * to list all spells.
Okay, then.
The +5 falchion "Firuibas" {flame, rN+ Int+4} stops flaming.
Your +1 spear of venom begins to drip with poison!
q - a +1 spear of venom (weapon)
Your centaur hits Harold but does no damage.
Your centaur hits Harold but does no damage.
Harold hits you from afar with a +0 halberd of venom!
You die...
Your body glows slightly and disappears.

##### #.## #.##....##....# .#
#.# #.##.#........# .### ##.#
##......##...### ...## #..#
##...########.# .#..####.##
#....# #.# .##......####..###
#.###### .#######.c.<...#
#....>.# .###
#...#)...################.#
...###.#....#.c.@c@......#####.#
##...#....#.############.......#
###(...###.# ##...######
#....##..##########c.#.#
####.............@c..c.##.##
.........#.##############..#
.......#...# #########.#
.#.....##..# #.........#
.......##..########...######


You could see Harold and 3 friendly centaurs.

Vanquished Creatures
  A manticore (D:7)
  A water moccasin (D:7)
  An ice beast (D:7)
  2 ogres
  3 bullfrogs
  3 scorpions (D:4)
  A crimson imp (D:6)
  2 hounds
  2 orc priests
  An iguana (D:4)
  3 orc wizards (D:4)
  3 worker ants
  Robin (D:4)
  4 gnolls
  11 adders
  2 adder zombies
  An adder skeleton (D:5)
  3 worms
  4 leopard geckos
  30 orcs
  4 ball pythons
  6 giant cockroaches
  17 goblins
  7 hobgoblins
  2 jackals (D:4)
  6 kobolds
  A quokka (D:5)
  10 bats
  5 frilled lizards
  A leopard gecko skeleton (D:5)
  A quokka skeleton (D:4)
  A quokka zombie (D:7)
  5 rats
145 creatures vanquished.

Vanquished Creatures (others)
  An orc priest (D:3)
  A hobgoblin (D:3)
2 creatures vanquished.

Grand Total: 147 creatures vanquished

Notes
Turn   | Place    | Note
-------+----------+-------------------------------------------
     0 | D:1      | Leeroy the Draconian Conjurer began the quest for the Orb.
     0 | D:1      | Reached XP level 1. HP: 14/14 MP: 3/3
   622 | D:1      | Reached XP level 2. HP: 20/20 MP: 5/5
  1504 | D:2      | Reached skill level 5 in Conjurations
  1513 | D:2      | Learned a level 2 spell: Searing Ray
  1552 | D:2      | Reached XP level 3. HP: 20/26 MP: 6/6
  2081 | D:2      | Found a sparkling altar of Nemelex Xobeh.
  2088 | D:2      | Became a worshipper of Nemelex Xobeh the Trickster
  2101 | D:2      | Received a gift from Nemelex Xobeh
  2134 | D:2      | Found a sacrificial altar of Ru.
  2346 | D:3      | Found a transporter.
  2368 | D:3      | Found a transporter.
  2374 | D:3      | Reached XP level 4. HP: 24/33 MP: 7/7
  3269 | D:2      | Reached XP level 5. HP: 30/38 MP: 8/8
  3442 | D:3      | Reached skill level 1 in Invocations
  3448 | D:3      | Reached skill level 1 in Maces & Flails
  3546 | D:3      | Learned a level 4 spell: Iskenderun's Mystic Blast
  3737 | D:4      | Reached * piety under Nemelex Xobeh
  3761 | D:4      | Noticed Robin
  4574 | D:4      | Killed Robin
  4583 | D:4      | Reached XP level 6. HP: 13/45 MP: 1/9
  5172 | D:4      | Noticed Edmund
  5195 | D:4      | Noticed Edmund
  5195 | D:4      | Edmund changed into Edmund the iguana
  5203 | D:4      | Killed Edmund the iguana
  5688 | D:4      | Found a runed translucent door.
  5689 | D:4      | Noticed Crazy Yiuf
  6156 | D:4      | Reached skill level 5 in Invocations
  6249 | D:3      | Your scales start taking on an icy white colour.
  6249 | D:3      | Reached XP level 7. HP: 14/50 MP: 10/10
  6249 | D:3      | Gained mutation: Your flesh is cold resistant. (rC+) [White
                  | Draconian growth]
  7252 | D:4      | You fall into a shaft and drop 2 floors!
  7321 | D:6      | Noticed Sigmund
  7332 | D:5      | Entered Level 5 of the Dungeon
  7661 | D:5      | Found Illeras's Antique Weapon Boutique.
  7670 | D:5      | Bought a smoking falchion for 240 gold pieces
  7671 | D:5      | Identified the +5 falchion "Firuibas" {flame, rN+ Int+4}
                  | (You bought it in a shop on level 5 of the Dungeon)
  7703 | D:5      | Reached skill level 1 in Long Blades
  7746 | D:5      | Found Kesic's Armour Shoppe.
  7747 | D:5      | Reached ** piety under Nemelex Xobeh
  7815 | D:5      | Found a blossoming altar of Fedhas.
  7873 | D:5      | Noticed a wraith
  7940 | D:7      | Reached XP level 8. HP: 51/57 MP: 4/13
  7941 | D:7      | Noticed a manticore
  8156 | D:7      | Killed a manticore
  8430 | D:7      | Received a gift from Nemelex Xobeh
  8473 | D:7      | Noticed Harold
  8949 | D:7      | Mangled by Harold

Levels and vault maps discovered:
D:1:      dpeg_chamrin_arrival_tetris, layout_loops_corners, minivault_4
D:2:      layout_loops_cross, lemuel_round_altar,
          nicolae_ru_the_path_less_chosen
D:3:      gammafunk_steamed_eel, layout_loops_ring, first_ration
D:4:      layout_basic, grunt_decor_clamped, chequers_garden,
          uniq_crazy_yiuf_cottage, uniq_edmund, uniq_robin
D:5:      layout_loops_ring, serial_shops, nicolae_shop_crystal, shop,
          basic_altar
D:6:      layout_rooms, okawaru_metal_pillars_1_2, minmay_temple_entry_trees,
          gup_sewer_entry_bowl, uniq_sigmund
D:7:      layout_rooms, chequers_temple_overflow_statue_of_worship, uniq_harold

Skill      XL: |  1  2  3  4  5  6  7  8 |
---------------+-------------------------+-----
Conjurations   | 5 6 |  6.3
Invocations    | 2 5 7 |  7.0
Maces & Flails | 2 |  2.0
Long Blades    | 2 7 |  7.2
Polearms       | |  0.7
Dodging        | |  1.7
Stealth        | |  1.7
Spellcasting   | |  2.0

Action                   |  1- 3 |  4- 6 |  7- 9 || total
-------------------------+-------+-------+-------++-------
Melee: Dagger            |   112 |   143 |       ||   255
       Unarmed           |    21 |       |       ||    21
       Tailslap          |    11 |    20 |    11 ||    42
       Flail             |       |    48 |    72 ||   120
       Falchion          |       |       |    55 ||    55
 Cast: Magic Dart        |    11 |       |       ||    11
       Iskenderun's Myst |       |     4 |    10 ||    14
       Searing Ray       |       |     2 |     1 ||     3
 Abil: Draw Destruction  |       |     7 |     1 ||     8
       Breathe Frost     |       |       |     4 ||     4
       Draw Summoning    |       |       |     2 ||     2
  Use: Potion            |       |     3 |       ||     3
 Stab: Sleeping          |     4 |     3 |       ||     7
  Eat: Chunk             |     4 |    13 |    10 ||    27
       Ration            |       |       |     1 ||     1
Armor: Skin              |    38 |    54 |    74 ||   166
Dodge: Dodged            |   100 |   126 |   122 ||   348
       Rpst.: Falchion   |       |       |    19 ||    19

Table legend:
 A = Non-vault XP
 B = Vault XP
 C = Vault XP percentage of total XP
 D = Non-vault monster count
 E = Vault monster count
 F = Vault count percentage of total count
                 A         B        C        D         E       F
            +---------+---------+-------+---------+---------+-------
      Total |    2443 |      71 |   2.8 |     135 |      12 |   8.2
            +---------+---------+-------+---------+---------+-------
        D:1 |      25 |       0 |   0.0 |      16 |       0 |   0.0
        D:2 |      56 |       0 |   0.0 |      22 |       0 |   0.0
        D:3 |     216 |       4 |   1.8 |      29 |       2 |   6.5
        D:4 |     625 |      67 |   9.7 |      36 |      10 |  21.7
        D:5 |     149 |       0 |   0.0 |      10 |       0 |   0.0
        D:6 |     188 |       0 |   0.0 |       7 |       0 |   0.0
        D:7 |    1184 |       0 |   0.0 |      15 |       0 |   0.0
            +---------+---------+-------+---------+---------+-------
